 Dungeon Crawl Stone Soup version 0.29.1-13-g9f3cf754e1 (webtiles) character file.

Game seed: 14234744097792072338

8 protoss039 the Digger (level 2, 11/20 HPs)
             Began as a Demonspawn Earth Elementalist on Feb 8, 2023.
             Got out of the dungeon alive.
             The game lasted 00:00:50 (445 turns).

protoss039 the Digger (DsEE)                         Turns: 445, Time: 00:00:51

Health: 11/20      AC:  2    Str:  8    XL:     2   Next: 0%
Magic:  3/5        EV: 12    Int: 16    God:
Gold:   21         SH:  0    Dex: 13    Spells: 4/5 levels left

rFire   . . .      SeeInvis .   c - +0 short sword
rCold   . . .      Faith    .   (no shield)
rNeg    . . .      Spirit   .   a - +0 robe
rPois   .          Reflect  .   (no helmet)
rElec   .          Harm     .   (no cloak)
rCorr   .          Rampage  .   (no gloves)
Will    .....                   (no boots)
Stlth   ++........              (no amulet)
HPRegen 0.06/turn               (no ring)
MPRegen 0.09/turn               (no ring)

@: no status effects
A: demonic guardian 1
a: no special abilities


You escaped.
You visited 1 branch of the dungeon, and saw 1 of its levels.

You collected 21 gold pieces.

Inventory:

Hand Weapons
 c - a +0 short sword (weapon)
Armour
 a - a +0 robe (worn)
Jewellery
 f - an amulet of regeneration
Scrolls
 d - a scroll of identify {unknown}
Potions
 b - a potion of magic
 e - a potion of haste {unknown}
 g - 2 potions of flight {unknown}


   Skills:
 + Level 0.7 Fighting
 - Level 1.7 Dodging
 - Level 1.7 Stealth
 + Level 2.2 Spellcasting
 - Level 0.8 Transmutations
 + Level 2.9 Earth Magic


You had 4 spell levels left.
You knew the following spells:

 Your Spells              Type           Power      Damage    Failure   Level
a - Sandblast             Erth           22%        2d7       6%          1

Your spell library contained the following spells:

 Spells                   Type           Power      Damage    Failure   Level
 Passwall                 Tmut/Erth      5%         N/A       14%         2
 Stone Arrow              Conj/Erth      12%        3d7       32%         3
 Petrify                  Tmut/Erth      7%         N/A       67%         4


Dungeon Overview and Level Annotations

Branches:
Dungeon (1/15) Zot: 5548

Altars:


Innate Abilities, Weirdness & Mutations

A weak demonic guardian rushes to your aid.


Message History

Aim: a rat (82% to hit)
The blast of sand hits the rat!
You kill the rat!
Unknown command.
Casting: Sandblast (safe; 6% risk of failure)
Confirm with . or Enter, or press ? or * to list all spells.
You don't have enough magic to cast this spell.
Unknown command.
Unknown command.
You hit the kobold but do no damage. The kobold misses you.
Unknown command.
You barely miss the kobold. The kobold hits you with a +0 dagger.
You barely miss the kobold. The kobold hits you with a +0 dagger.
Unknown command.
You are too injured to fight recklessly!
Unknown command.
You are too injured to fight recklessly!
Unknown command.
A kobold is nearby!
You closely miss the kobold. The kobold barely misses you.
The kobold hits you with a +0 dagger.
Your magical contamination has completely faded away.
You miss the kobold. The kobold hits you but does no damage.
You barely miss the kobold. The kobold hits you but does no damage.
The kobold attacks as you move away! The kobold misses you.
Casting: Sandblast (safe; 6% risk of failure)
Confirm with . or Enter, or press ? or * to list all spells.
Aiming: Sandblast (safe; 6% risk of failure)
Press: ? - help, Shift-Dir - straight line, f - kobold
Aim: a kobold, wielding a +0 dagger (77% to hit)
The blast of sand hits the kobold.
You kill the kobold!
You have reached level 2!
Your demonic ancestry asserts itself...
You feel the presence of a demonic guardian.
Unknown command.
Unknown command.
There is a staircase leading out of the dungeon here.
Are you sure you want to leave the Dungeon?
This will make you lose the game!
You have escaped!

≈≈≈≈≈≈≈~~.# ≈≈≈≈≈~≈...#
##### ≈≈≈≈≈≈≈≈~..### #....
≈≈≈≈≈≈≈≈~...## ##...#
≈≈≈≈≈≈≈~.....########.....
≈≈≈≈≈≈~≈...#..............
≈≈≈≈≈≈≈....#.#####.###..##
≈≈≈≈≈≈~.##...# #.# #..#
≈≈≈≈≈~..#@.### #.# #[.#
≈≈~~~......# #.# #..#
≈≈~.....#### #.# #†.#
........# #.# #.##
.######## #.# #.#
##.###.### #.........
#####.#.#.....
...........###


There were no monsters in sight!

Vanquished Creatures
  A giant cockroach (D:1)
  A hobgoblin (D:1)
  A bat (D:1)
  5 kobolds (D:1)
  A rat (D:1)
9 creatures vanquished.

Notes
Turn   | Place    | Note
-------+----------+-------------------------------------------
     0 | D:1      | protoss039 the Demonspawn Earth Elementalist began the
                  | quest for the Orb.
     0 | D:1      | Reached XP level 1. HP: 13/13 MP: 3/3
   413 | D:1      | Gained mutation: A weak demonic guardian rushes to your
                  | aid. [demonic ancestry]
   413 | D:1      | Reached XP level 2. HP: 9/20 MP: 0/5
   445 | D:$      | Got out of the dungeon alive.

Illustrated notes

Levels and vault maps discovered:
D:1:      dpeg_arrival_water_altar, layout_loops_ring,
          wad_floor_pattern_untrapped

Action                   || total
-------------------------++-------
Melee: Short sword       ||    12
 Cast: Sandblast         ||    12
Armor: Robe              ||    10
Dodge: Dodged            ||    17
